AoeStats
← InTrUsIoN

Arabia

509802041Analyzed
3v3 RM · 4d ago on Sep 28, 2026· 44m 40s· 6 players
Game mode
Random Map
Map size
Normal (6 player)
Population
200
Speed
Normal
Resources
Standard
Victory
Conquest
Starting age
Dark Age
Ending age
Imperial Age
RankedLock teamsTeams togetherTeam positionsShared explorationLock speedFull tech treeHidden civsTurbo modeCheats
Victory
Defeat
🇦🇷 Mapuche · Argentina
721
+8
🇨🇱 Teutons · Chile
614
+11
🇺🇿 Tatars · Uzbekistan
608
+11
🇲🇽 Portuguese · Mexico
548
-11
🇺🇸 Lithuanians · United States
531
-11
🇺🇸 Khmer · United States
447
-14
McWilliams8
koes08
11:48 Feudal Age
13:35 Man-at-Arms
27:34 Castle Age
25:32 Horse Collar
30:22 Pikeman
30:58 Crossbowman
40:55 Gold Mining
InTrUsIoN
16:50 Feudal Age
17:55 Loom
18:01 Double-Bit Axe
18:00 Horse Collar
21:58 Castle Age
23:21 Bow Saw
22:50 Pikeman
23:31 Squires
23:19 Arson
24:35 Crossbowman
24:43 Light Cavalry
26:46 Bloodlines
27:49 Husbandry
28:38 Forging
33:14 Thumb Ring
37:20 Wheelbarrow
39:00 Fletching
kiberto
4:15 Loom
13:46 Feudal Age
17:31 Double-Bit Axe
23:05 Horse Collar
33:49 Castle Age
31:54 Gold Mining
32:49 Stone Mining
36:01 Bow Saw
35:53 Heavy Plow
37:52 Stone Shaft Mining
42:03 Wheelbarrow
43:07 Arson
43:22 Squires
43:08 Gambesons
42:43 Man-at-Arms
42:43 Pikeman
45:08 Forging
44:58 Scale Mail Armor
Junran
7:53 Loom
10:38 Feudal Age
13:58 Double-Bit Axe
18:34 Castle Age
19:45 Pikeman
20:25 Horse Collar
20:56 Bow Saw
21:56 Fletching
22:25 Bow Saw
26:36 Forging
27:07 Wheelbarrow
30:42 Iron Casting
30:04 Bodkin Arrow
36:37 Heavy Plow
37:08 Malon
41:37 Imperial Age
43:15 Elite Kona
45:56 Blast Furnace
Aziz
10:36 Loom
12:24 Feudal Age
14:32 Wheelbarrow
14:18 Double-Bit Axe
14:16 Horse Collar
16:23 Gold Mining
24:32 Castle Age
23:15 Fletching
23:29 Padded Archer Armor
25:59 Hand Cart
26:17 Bodkin Arrow
26:47 Leather Archer Armor
29:32 Bloodlines
30:14 Bow Saw
30:08 Heavy Plow
31:14 Husbandry
33:55 Gold Shaft Mining
33:11 Stone Mining
35:10 Ballistics
41:45 Imperial Age
41:25 Scale Barding Armor
41:31 Forging
42:20 Fervor
42:07 Herbal Medicine
42:42 Chain Barding Armor
42:38 Fortified Wall
42:25 Murder Holes
43:36 Chemistry
42:40 Bracer
43:11 Ring Archer Armor
42:46 Murder Holes
43:02 Fortified Wall
42:43 Guard Tower
43:05 Masonry
42:37 Treadmill Crane
43:04 Siege Engineers
43:24 Chain Barding Armor
43:40 Iron Casting
43:07 Scale Mail Armor
43:07 Heavy Cavalry Archer
44:26 Guilds
44:54 Silk Armor
45:16 Conscription
45:32 Conscription
Connection lost

Rejoining the realm…

Still unreachable

The connection could not be restored.

Session expired

The server has moved on; the page needs a fresh start.